[Event "Gibraltar Challengers B 2020"]
[Site "Caleta"]
[Date "2020.01.27"]
[Round "4.35"]
[White "Maldonado Mena, German"]
[Black "Li, Max J"]
[Result "1-0"]
[ECO "E35"]
[WhiteElo "1946"]
[BlackElo "2078"]
[Annotator "NA"]
[PlyCount "163"]
[EventDate "2020.01.20"]
[EventType "swiss"]
[EventCountry "GGB"]
[SourceTitle "playchess.com"]
[Source "ChessBase"]
[SourceQuality "1"]
[TimeControl "6600+10"]

1. d4 Nf6 2. c4 e6 3. Nc3 Bb4 4. Qc2 d5 5. cxd5 exd5 6. Bg5 Be6 7. Qb3 $146 {[%emt 0:01:04] E35: Nimzo-Indian: Classical: 4...d5 5 cxd5 exd5} ({Predecessor:} 7. e3 Nbd7 8. a3 Bxc3+ 9. Qxc3 h6 10. Bh4 Rc8 11. Bd3 Ne4 12. Bxd8 Nxc3 13. Bh4 Ne4 14. Ne2 g5 {½-½ (31) Donchenko,A (2559)-Short,N (2698) Douglas 2017}) 7... Bxc3+ 8. bxc3 b6 9. e3 O-O 10. Nf3 c5 11. c4 cxd4 12. Nxd4 dxc4 13. Nxe6 cxb3 14. Nxd8 Rxd8 15. Bxf6 gxf6 16. axb3 Nc6 17. Bb5 Nb4 18. O-O a5 19. Rfd1 Kg7 20. g4 Kg6 (20... Rac8 $14) 21. Bd7 h6 22. Kg2 Kg7 23. Kg3 Ra7 24. Bb5 Rd5 25. Bc4 Rc5 26. Rd6 b5 27. Be2 Nd5 28. Bf3 Nb4 29. Rb6 Nd5 30. Rb8 b4 31. Rd1 Ne7 32. Rdd8 f5 33. gxf5 Rxf5 34. Be4 Rg5+ 35. Kf3 Rh5 36. Kg3 Rg5+ 37. Kf4 Rh5 38. Rh8 f5 39. Bxf5 Rxf5+ 40. Kg3 Rd5 41. Rhd8 Rxd8 42. Rxd8 a4 43. bxa4 Rxa4 44. Rb8 Nd5 45. e4 Nc3 46. Kf4 Ne2+ 47. Ke5 Nc1 48. f4 b3 49. Kf5 Ra7 50. e5 Rf7+ 51. Ke4 Ra7 52. f5 Ra4+ 53. Kd5 Ra5+ 54. Kd6 Ra6+ 55. Ke7 Nd3 56. f6+ Kg6 57. Rg8+ Kf5 58. f7 Ra7+ 59. Ke8 Rxf7 60. Kxf7 Nxe5+ 61. Kg7 Nf3 62. h3 Ng5 63. h4 Nf3 64. Rb8 Nxh4 65. Kxh6 Nf3 66. Rxb3 Nd4 67. Re3 Kf4 68. Re8 Nf5+ 69. Kg6 Nh4+ $11 70. Kf6 Ng2 71. Ra8 Ne3 72. Ra4+ Kf3 73. Ke5 Ng4+ 74. Kf5 Ne3+ 75. Kg5 Nd5 76. Rd4 Ne7 77. Rd6 Nc8 78. Rc6 Ne7 79. Rf6+ Kg3 80. Rd6 Kf3 81. Kf6 Ng8+ 82. Kf7 1-0

[Event "Gibraltar Challengers B 2020"]
[Site "Caleta"]
[Date "2020.01.27"]
[Round "4.37"]
[White "Kurzok, Zenon"]
[Black "Fischer, Robert"]
[Result "0-1"]
[ECO "B15"]
[WhiteElo "1702"]
[BlackElo "1923"]
[Annotator "NA"]
[PlyCount "46"]
[EventDate "2020.01.20"]
[EventType "swiss"]
[EventCountry "GGB"]
[SourceTitle "playchess.com"]
[Source "ChessBase"]
[SourceQuality "1"]
[TimeControl "6600+10"]

1. e4 c6 2. d4 d5 3. Nc3 dxe4 4. Nxe4 Nf6 5. Ng3 h5 6. h4 Bg4 7. Be2 Nbd7 8. Nf3 e6 9. Ne5 Nxe5 10. dxe5 Qa5+ 11. c3 Qxe5 12. O-O {[%emt 0:00:35] [#]} (12. Bg5 $17) 12... Bc5 $1 13. Kh1 $2 {[%emt 0:00:08] [#]} (13. Qd3) 13... Bxf2 $1 14. Rxf2 Qxg3 {[%emt 0:00:59] Double Attack} 15. Kg1 Ne4 16. Rf4 Rd8 17. Qf1 Nf6 18. Rb4 $19 Qxh4 19. Rxb7 O-O 20. Be3 Rd5 21. Bf2 Qg5 22. Rb4 Rd2 23. Bxg4 Nxg4 0-1

[Event "Gibraltar Challengers B 2020"]
[Site "Caleta"]
[Date "2020.01.27"]
[Round "4.38"]
[White "Skutta, Bernd"]
[Black "Erdogan, Hassan"]
[Result "1-0"]
[ECO "B07"]
[WhiteElo "1998"]
[BlackElo "1830"]
[Annotator "NA"]
[PlyCount "51"]
[EventDate "2020.01.20"]
[EventType "swiss"]
[EventCountry "GGB"]
[SourceTitle "playchess.com"]
[Source "ChessBase"]
[SourceQuality "1"]
[TimeControl "6600+10"]

1. d4 d6 2. e4 g6 3. Nc3 Bg7 4. Be3 Nf6 5. f3 c6 6. Qd2 h6 7. h4 b5 8. Bd3 b4 (8... h5 $14) 9. Nce2 a5 10. Nh3 Ba6 (10... Bxh3 $14 11. Rxh3 Nbd7) 11. Nf2 Bxd3 12. Nxd3 Nfd7 13. h5 g5 14. f4 Nf6 ({Better is} 14... gxf4 $14 15. Bxf4 (15. Ndxf4 Nb6 $11) 15... c5) 15. Ng3 ({Much worse is} 15. fxg5 $6 Nxe4 16. Qc1 hxg5 $14) 15... gxf4 16. Bxf4 e6 17. O-O-O $16 d5 18. Rhe1 Nxe4 19. Nxe4 dxe4 20. Rxe4 Qd5 21. Qe2 Qxa2 22. d5 Bc3 23. Rxe6+ Kd8 24. Rd6+ Kc8 25. Qg4+ Kb7 26. dxc6+ 1-0

[Event "Gibraltar Challengers B 2020"]
[Site "Caleta"]
[Date "2020.01.27"]
[Round "4.39"]
[White "Aura, Kristian"]
[Black "Fernandez Lopategi, Jon Andoni"]
[Result "1/2-1/2"]
[ECO "D13"]
[WhiteElo "1928"]
[BlackElo "1987"]
[Annotator "NA"]
[PlyCount "81"]
[EventDate "2020.01.20"]
[EventType "swiss"]
[EventCountry "GGB"]
[SourceTitle "playchess.com"]
[Source "ChessBase"]
[SourceQuality "1"]
[TimeControl "6600+10"]

1. d4 d5 2. Nf3 Nf6 3. c4 c6 4. Nc3 a6 5. cxd5 cxd5 6. Bf4 Nc6 7. e3 Bg4 8. Be2 e6 9. O-O Be7 10. Rc1 {[%emt 0:00:27] D13: Slav Defence: Exchange variation without ...Bf5} Rc8 (10... Nd7 11. h3 Bh5 12. Qb3 Qb6 13. Nd2 Bxe2 14. Nxe2 Qxb3 15. Nxb3 f6 16. a3 Kf7 17. Rc2 Nb6 {0-1 (56) Melkumyan,H (2633)-Carlsen,M (2837) Riadh 2017}) 11. h3 Bh5 12. Ne5 Bxe2 13. Qxe2 O-O 14. Nxc6 Rxc6 15. Rc2 Qa5 16. Rfc1 Rfc8 17. Qd3 Bb4 $146 ({Predecessor:} 17... Nd7 18. a3 Qd8 19. Na4 {0-1 (66) Mukhi Talreja,I (1510)-Arteaga Medina,R (1455) Cotelec 2012}) 18. f3 Bxc3 19. bxc3 Rc4 20. e4 b5 21. Bd6 Qb6 22. e5 Ne8 23. Bc5 Qd8 24. f4 g6 25. Kh2 Ng7 26. g4 h5 27. Qf3 Qh4 28. Kg2 f5 29. exf6 Qxf6 30. Re1 $17 (30. Kg1 $11) 30... hxg4 31. hxg4 R8xc5 32. dxc5 Rxf4 33. Qg3 Qg5 34. Kh3 Qh6+ 35. Kg2 Qg5 36. Kh3 Qh6+ 37. Kg2 Qg5 38. Kh3 Nh5 39. gxh5 Qxh5+ 40. Kg2 Rg4 41. Rce2 1/2-1/2

[Event "Gibraltar Challengers B 2020"]
[Site "Caleta"]
[Date "2020.01.27"]
[Round "4.40"]
[White "Kaplan, Amiram"]
[Black "Nergard, Ole-Kristian"]
[Result "1-0"]
[ECO "B14"]
[WhiteElo "1880"]
[BlackElo "1667"]
[Annotator "NA"]
[PlyCount "57"]
[EventDate "2020.01.20"]
[EventType "swiss"]
[EventCountry "GGB"]
[SourceTitle "playchess.com"]
[Source "ChessBase"]
[SourceQuality "1"]
[TimeControl "6600+10"]

1. Nf3 Nf6 2. c4 c5 3. e3 g6 4. d4 cxd4 5. exd4 d5 6. Nc3 Bg7 7. h3 O-O 8. Be3 {[%emt 0:00:32] B14: Caro-Kann: Panov-Botvinnik Attack with 5...e6 and 5...g6} (8. c5 Nc6 9. Be2 b6 10. cxb6 axb6 11. O-O Ne4 12. Be3 Nxc3 13. bxc3 Ba6 14. Nd2 Na5 15. Rb1 Qc7 16. Bxa6 Rxa6 {1-0 (65) Yanchenko,R (2463)-Narayanan,S (2529) Moscow 2019}) 8... Nc6 9. a3 Re8 10. b4 $146 ({Predecessor:} 10. Bd3 e5 11. cxd5 exd4 12. dxc6 dxe3 13. O-O exf2+ 14. Rxf2 bxc6 15. Qc2 Bh6 {½-½ (38) Acunzo,D (1769)-Gulinelli,E (1658) Courmayeur 2011}) 10... e5 11. Be2 {[%emt 0:20:05] [#]} (11. Nxe5 $17 Nxe5 12. dxe5) 11... exd4 $1 12. Nxd4 {[%emt 0:03:22] [#]} Nxd4 (12... Nh5 $1 $19 13. Nxd5 (13. Bxh5 Bxd4) 13... Rxe3 14. fxe3 Qh4+ 15. g3 Nxg3) 13. Bxd4 dxc4 14. O-O Be6 15. Bf3 Qc8 (15... Re7 $17 16. Ra2 Rd7) 16. Qc2 Bf5 17. Qb2 Nh5 18. Be3 Bd3 19. Rfd1 Ng3 20. Qc1 Nf5 21. Bc5 Nh4 22. Bd5 Qd7 23. Bxc4 Nf3+ 24. gxf3 Qxh3 25. Rxd3 Re5 26. f4 Qh4 27. fxe5 Bxe5 28. Bd5 Qg4+ 29. Bg2 $18 1-0

[Event "Gibraltar Challengers B 2020"]
[Site "Caleta"]
[Date "2020.01.27"]
[Round "4.41"]
[White "Olufemi, George"]
[Black "Johnsen, Sylvia"]
[Result "1-0"]
[ECO "C56"]
[WhiteElo "1803"]
[BlackElo "1902"]
[Annotator "NA"]
[PlyCount "46"]
[EventDate "2020.01.20"]
[EventType "swiss"]
[EventCountry "GGB"]
[SourceTitle "playchess.com"]
[Source "ChessBase"]
[SourceQuality "1"]
[TimeControl "6600+10"]

1. e4 e5 2. Nf3 Nc6 3. d4 (3. Bc4 Nf6 4. d4 exd4 5. O-O {½-½ (11) Smerdon,D (2461)-Kravtsiv,M (2492) Pardubice 2007}) 3... exd4 4. Bc4 Bc5 5. O-O Nf6 (5... d6 $15) 6. e5 d5 7. exf6 dxc4 8. Re1+ Be6 9. Ng5 Qd5 10. Nc3 Qf5 11. Nce4 Bf8 {[%emt 0:14:44] [#] C56: Two Knights: 4 d4 exd4 5 0-0 Nxe4} 12. g4 (12. Nxf7 $1 $11 Kxf7 (12... Bxf7 13. Nd6+) 13. Ng5+ {[%mdl 64] Double Attack, Discovered Attack} Kg8 14. g4) 12... Qd5 $2 {[%emt 0:10:28] [#]} (12... Qxg4+ $15 13. Qxg4 Bxg4) 13. Nxf7 $1 $146 ({Predecessor:} 13. f4 h6 14. f5 hxg5 15. fxe6 fxe6 16. f7+ Kxf7 17. Nxg5+ Kg8 18. Nxe6 Bd6 19. Bf4 Ne5 20. Ng5 Rf8 21. Rf1 d3 22. Bxe5 Bc5+ {0-1 (22) Indriunas,M (1876)-Drozdov,S (2186) Lithuania 2018}) 13... Kxf7 14. Ng5+ {[%emt 0:00:37] Double Attack} Kg6 15. Nxe6 Bd6 16. fxg7 Rhg8 17. Qd2 Be5 18. Qg5+ Kf7 19. Qf5+ Ke7 20. Nxc7 $18 {[%emt 0:04:48] Double Attack} Qa5 21. Qe6+ Kd8 22. Qxg8+ Kxc7 23. Qf7+ Kb6 1-0

[Event "Gibraltar Challengers B 2020"]
[Site "Caleta"]
[Date "2020.01.27"]
[Round "4.42"]
[White "Lafour, Jephte"]
[Black "Auvinen, Esa"]
[Result "1/2-1/2"]
[ECO "D02"]
[WhiteElo "1690"]
[BlackElo "1850"]
[Annotator "NA"]
[PlyCount "117"]
[EventDate "2020.01.20"]
[EventType "swiss"]
[EventCountry "GGB"]
[SourceTitle "playchess.com"]
[Source "ChessBase"]
[SourceQuality "1"]
[TimeControl "6600+10"]

1. Nf3 d5 2. g3 Nd7 3. d4 e6 4. Bg2 Ngf6 5. O-O c5 6. c3 {[%emt 0:04:38] D02: 1 d4 d5 2 Nf3 sidelines, including 2...Nf6 3 g3 and 2...Nf6 3 Bf4} (6. c4 dxc4 7. Na3 Nb6 8. Nxc4 Nxc4 9. Qa4+ Bd7 10. Qxc4 Rc8 11. Ne5 b5 12. Qd3 c4 13. Qc2 Be7 14. a4 a6 15. Bb7 Qb6 16. Bxc8 Bxc8 17. axb5 axb5 18. b3 c3 19. Qxc3 O-O 20. Qa5 Bd8 21. Qxb6 Bxb6 22. Ba3 Re8 23. Bc5 Bc7 24. Ra8 Nd5 25. Rc1 {1-0 (25) Atalik,E (2464)-Hoolt,S (2323) Batumi 2019}) 6... b6 7. Re1 Bb7 8. Bf4 Be7 9. Nbd2 O-O 10. e4 $146 ({Predecessor:} 10. Bg5 h6 11. Bxf6 Bxf6 12. e4 Re8 13. e5 Be7 14. h4 c4 15. g4 Bxh4 16. Nxh4 Qxh4 17. f3 {0-1 (44) Ciontea,A (1058)-Margau,B (1241) Baile Felix 2017}) 10... dxe4 11. Ng5 cxd4 12. cxd4 Nd5 13. Ngxe4 Nxf4 14. gxf4 Bd5 15. Qh5 Nf6 16. Nxf6+ Bxf6 17. Bxd5 {[%emt 0:00:19] [#]} g6 $1 ({But not} 17... exd5 18. Nf3 $15) ({Reject} 17... Qxd5 $6 18. Qxd5 exd5 19. Nf3 $11) 18. Qf3 exd5 19. Nb3 Qd7 20. f5 Qxf5 21. Qxf5 gxf5 22. Rac1 Rac8 23. Kf1 Rc4 24. Rcd1 Rc2 25. Re2 Rfc8 26. Rdd2 R2c4 27. f4 a5 28. Rg2+ Kf8 29. Rd3 a4 30. Nd2 Rxd4 31. Rxd4 Bxd4 32. Nf3 Rc1+ 33. Ne1 Be3 34. Ke2 Bxf4 35. Rf2 Be5 36. Rxf5 Bxh2 37. Rxd5 Bg3 38. Nd3 Rc6 39. Kf3 Bc7 40. Ke4 Re6+ 41. Kf5 Rd6 42. Nf4 Rxd5+ 43. Nxd5 Bd8 44. Nc3 h5 45. Nxa4 Kg7 46. Nc3 h4 47. Kg4 Kg6 48. Nd5 f5+ 49. Kh3 Kg5 50. Ne3 f4 51. Ng4 f3 52. b4 Kf4 53. a4 Ke4 54. a5 $19 bxa5 55. bxa5 Kd5 56. a6 Kc6 57. Ne5+ Kb6 58. Nxf3 Kxa6 59. Nxh4 1/2-1/2

[Event "Gibraltar Challengers B 2020"]
[Site "Caleta"]
[Date "2020.01.27"]
[Round "4.43"]
[White "Garcia-Blazquez Perez, Manuel"]
[Black "Tkadlecek, Petr"]
[Result "1-0"]
[ECO "B09"]
[WhiteElo "1825"]
[BlackElo "1775"]
[Annotator "NA"]
[PlyCount "103"]
[EventDate "2020.01.20"]
[EventType "swiss"]
[EventCountry "GGB"]
[SourceTitle "playchess.com"]
[Source "ChessBase"]
[SourceQuality "1"]
[TimeControl "6600+10"]

1. e4 c6 2. d4 g6 3. Nc3 Bg7 4. f4 d6 5. Nf3 Nf6 6. e5 dxe5 7. fxe5 Nd5 8. Bc4 O-O 9. O-O Nxc3 10. bxc3 b5 {[%emt 0:00:30] B09: Pirc Defence: Austrian Attack} (10... Bg4 11. h3 b5 12. Bb3 Be6 13. Bxe6 fxe6 14. Ng5 Rxf1+ 15. Qxf1 Qf8 16. Qxf8+ Bxf8 17. a4 Nd7 18. Nxe6 bxa4 19. Rxa4 {1-0 (48) Obad,A (2321)-Habibovic,H (1854) Lukavac 2019}) 11. Bb3 a5 12. a4 Ba6 13. Ng5 e6 14. Rf3 $146 ({Predecessor:} 14. axb5 Bxb5 15. c4 Ba6 16. Ba3 Qxg5 17. Bxf8 Bxf8 18. Qe2 {½-½ (31) Tropf,P (1920)-Weissenfels,G (1476) GER email 2010}) 14... Qe7 15. axb5 Bb7 16. bxc6 Bxc6 (16... Nxc6 $16 {was worth a try.} 17. Rh3 h6) 17. Rh3 a4 18. Bc4 ({Stronger than} 18. Nxh7 axb3 19. Rxa8 Bxa8 $11) 18... Qb7 $2 (18... h6 19. Nf3 a3 20. Bxh6 Bxh6) 19. Rxh7 Bxg2 20. Ba3 Rd8 21. Qg4 Bh1 22. Qh3 Qg2+ 23. Qxg2 Bxg2 24. Kxg2 Rc8 25. Rf1 Ra7 26. Bc5 Rb7 27. h4 Rcc7 28. h5 gxh5 29. Bd3 Bxe5 30. Rxh5 Rxc5 31. dxc5 Bxc3 32. Rf3 Bb2 33. Be4 Rc7 34. Rg3 Kf8 35. Rf3 Ke8 36. c3 Nd7 37. Rh8+ Nf8 38. Nxe6 Re7 39. Bc6+ Rd7 40. Nxf8 a3 41. Re3+ Kd8 42. Ne6+ Ke7 43. Nd4+ (43. Nf4+ $142 Kf6 44. Bxd7 Bc1 45. Nd5+ Kg7 46. Ree8 f5 47. Bxf5 Bh6 48. Rh7#) 43... Kf6 44. Bxd7 a2 45. Nb3 a1=Q 46. Nxa1 Bxa1 47. c6 Kg5 48. c7 Kf4 49. Kf2 f5 50. c8=Q Bb2 51. Rg8 Bxc3 52. Qc4+ 1-0

[Event "Gibraltar Challengers B 2020"]
[Site "Caleta"]
[Date "2020.01.29"]
[Round "5.1"]
[White "Royset, Pal"]
[Black "Yanev, Pavel"]
[Result "0-1"]
[ECO "D02"]
[WhiteElo "2151"]
[BlackElo "2200"]
[Annotator "ChessBase"]
[PlyCount "128"]
[EventDate "2020.01.20"]
[EventType "swiss"]
[EventCountry "GGB"]
[SourceTitle "playchess.com"]
[Source "ChessBase"]
[SourceQuality "1"]
[TimeControl "6600+10"]

1. d4 Nf6 2. Bf4 c5 3. e3 d5 4. c3 Nc6 5. Nd2 Bg4 6. Ngf3 e6 7. h3 Bxf3 8. Nxf3 Bd6 9. Bxd6 Qxd6 10. Bb5 O-O 11. O-O a6 12. Bxc6 Qxc6 13. Ne5 Qc7 14. Qc2 b5 15. Nd3 Nd7 16. a4 c4 17. Nf4 b4 18. cxb4 Rab8 19. Nd3 Qd6 20. Nc5 Rxb4 21. Nxd7 Qxd7 22. Rfe1 Rfb8 23. Ra2 Qb7 24. Re2 g6 25. h4 Qe7 26. g3 Qf6 27. Kg2 Rb3 28. Rd2 h5 29. Rd1 Kf8 30. Rd2 Ke7 31. Rd1 R8b4 32. Rd2 Kd7 33. Rd1 Qf5 34. Qxf5 gxf5 35. Rd2 Kc6 36. Kf3 Kb6 37. Kf4 f6 38. a5+ Kb5 39. f3 Ra4 40. Rxa4 Kxa4 41. Re2 Kxa5 42. g4 fxg4 43. fxg4 hxg4 44. Kxg4 Rb8 45. h5 Rh8 46. Rh2 Rh6 47. Kf4 Kb4 48. e4 c3 49. bxc3+ Kxc3 50. exd5 exd5 51. Ke3 a5 52. Rh1 Kb2 53. Rf1 Rxh5 54. Rxf6 Rh3+ 55. Kf4 a4 56. Ke5 Rh5+ 57. Kd6 a3 58. Rf2+ Kb3 59. Kc5 a2 60. Rf3+ Ka4 61. Rf8 Rh1 62. Kxd5 a1=Q 63. Ra8+ Kb5 64. Rxa1 Rxa1 0-1

[Event "Gibraltar Challengers B 2020"]
[Site "Caleta"]
[Date "2020.01.29"]
[Round "5.3"]
[White "Ruperez, Miguel"]
[Black "Nebel, Jens"]
[Result "0-1"]
[ECO "A14"]
[WhiteElo "2126"]
[BlackElo "2168"]
[Annotator "ChessBase"]
[PlyCount "108"]
[EventDate "2020.01.20"]
[EventType "swiss"]
[EventCountry "GGB"]
[SourceTitle "playchess.com"]
[Source "ChessBase"]
[SourceQuality "1"]
[TimeControl "6600+10"]

1. Nf3 d5 2. g3 Nf6 3. Bg2 e6 4. d3 Be7 5. O-O O-O 6. b3 c5 7. c4 Nc6 8. e3 d4 9. exd4 cxd4 10. Re1 Nd7 11. a3 a5 12. Nbd2 e5 13. Rb1 Re8 14. h3 Bf8 15. g4 Nc5 16. Ne4 Nxe4 17. Rxe4 Bd6 18. Re1 Kh8 19. Ng5 Rf8 20. Bd5 Qc7 21. Qf3 f5 22. Qg3 g6 23. Qh4 f4 24. Be4 Qg7 25. Nf3 h6 26. g5 h5 27. c5 Bc7 28. Bxc6 bxc6 29. Nd2 Ba6 30. Nc4 Rf5 31. Kh1 Qf7 32. f3 Qd5 33. Qf2 Rxg5 34. Rg1 Rxg1+ 35. Kxg1 Qxc5 36. Qg2 Kh7 37. Qg5 Rf8 38. a4 Rf5 39. Qh4 Qd5 40. Qe7+ Rf7 41. Qe8 c5 42. Ba3 Bb7 43. Nd2 Bc6 44. Qc8 Bd6 45. Ne4 Be7 46. Qc7 Qe6 47. Bxc5 Bxe4 48. dxe4 Bxc5 49. Qxc5 Qxh3 50. Rf1 d3 51. Qxe5 d2 52. Qa1 Rd7 53. Qd1 g5 54. Qe2 Qxf1+ {[%emt 0:00:01] Qd1 Qh3} 0-1

[Event "Gibraltar Challengers B 2020"]
[Site "Caleta"]
[Date "2020.01.29"]
[Round "5.13"]
[White "Bujakevich, Aleksandr"]
[Black "Meszaros, Andras"]
[Result "1-0"]
[ECO "C55"]
[WhiteElo "2014"]
[BlackElo "2244"]
[Annotator "ChessBase"]
[PlyCount "133"]
[EventDate "2020.01.20"]
[EventType "swiss"]
[EventCountry "GGB"]
[SourceTitle "playchess.com"]
[Source "ChessBase"]
[SourceQuality "1"]
[TimeControl "6600+10"]

1. e4 e5 2. Nf3 Nc6 3. Bc4 Nf6 4. d3 Be7 5. O-O O-O 6. Re1 d6 7. a4 h6 8. Nbd2 Na5 9. Ba2 c5 10. c3 Be6 11. Bxe6 fxe6 12. d4 cxd4 13. cxd4 Nd7 14. b4 Nc6 15. Qb3 Kh7 16. d5 exd5 17. exd5 Ncb8 18. Ne4 Kh8 19. Bd2 Qe8 20. Rac1 Na6 21. Be3 Qg6 22. Ng3 Rfc8 23. Rc4 Nb6 24. Bxb6 axb6 25. Nd2 Rxc4 26. Nxc4 Rc8 27. Ne4 Nb8 28. h3 Nd7 29. a5 bxa5 30. bxa5 Nc5 31. Nxc5 Rxc5 32. Qxb7 Bh4 33. Qa8+ Kh7 34. Ne3 Qf7 35. g3 Bxg3 36. fxg3 Qf3 37. Qa6 Qxg3+ 38. Kf1 Qxh3+ 39. Ke2 Qh2+ 40. Kd1 Qb2 41. Qd3+ Kg8 42. Nc2 Qa2 43. Nb4 Qxa5 44. Re4 Qa1+ 45. Ke2 Qg1 46. Rc4 Qg2+ 47. Kd1 Qg1+ 48. Kc2 Qg2+ 49. Kb3 Qf2 50. Rxc5 Qxc5 51. Qh3 Kh7 52. Qf5+ Kg8 53. Qe6+ Kh7 54. Nc6 Qb5+ 55. Ka3 Qc5+ 56. Ka4 h5 57. Ne7 Qc4+ 58. Ka5 Qc7+ 59. Ka6 Qc4+ 60. Kb7 Qb4+ 61. Kc7 Qc5+ 62. Kd8 Qb6+ 63. Kd7 Qb7+ 64. Kxd6 Qb8+ 65. Kd7 Qb7+ 66. Ke8 Qb8+ 67. Kf7 1-0

[Event "Gibraltar Challengers B 2020"]
[Site "Caleta"]
[Date "2020.01.29"]
[Round "5.14"]
[White "Ankitha Goud Palle"]
[Black "Kandic, Milan"]
[Result "1-0"]
[ECO "A55"]
[WhiteElo "1761"]
[BlackElo "2132"]
[Annotator "ChessBase"]
[PlyCount "145"]
[EventDate "2020.01.20"]
[EventType "swiss"]
[EventCountry "GGB"]
[SourceTitle "playchess.com"]
[Source "ChessBase"]
[SourceQuality "1"]
[TimeControl "6600+10"]

1. Nf3 d6 2. d4 Nf6 3. c4 Nbd7 4. Nc3 e5 5. g3 c6 6. Bg2 Be7 7. O-O O-O 8. e4 Qc7 9. h3 a6 10. a4 a5 11. Be3 Re8 12. Qc2 Bf8 13. Rad1 Rb8 14. Rd2 b6 15. Rfd1 Ba6 16. b3 Rec8 17. Qb1 b5 18. axb5 cxb5 19. dxe5 dxe5 20. cxb5 Bxb5 21. Nxb5 Rxb5 22. Bf1 Rb4 23. Bc4 Qb7 24. Qa1 Re8 25. Qxa5 h6 26. Qa7 Qxe4 27. Rxd7 Rxc4 28. bxc4 Nxd7 29. Qxd7 Qxf3 30. Qxe8 Qxd1+ 31. Kh2 Qd6 32. c5 Qe7 33. Qb8 Qe6 34. Qb7 Qc4 35. c6 Bd6 36. Qd7 Qb4 37. c7 Bxc7 38. Qxc7 Qe4 39. h4 Qf5 40. Qd6 f6 41. Qd5+ Kh8 42. Kg2 Qc2 43. Qf3 Qg6 44. h5 Qf7 45. g4 Qe6 46. Qa8+ Kh7 47. Qe4+ Kh8 48. Qg6 Qd5+ 49. Kh2 Qf3 50. Kg1 Qd1+ 51. Kg2 Qd5+ 52. Kg3 Qh1 53. Bxh6 Qg1+ 54. Kf3 e4+ 55. Ke2 gxh6 56. Qxh6+ Kg8 57. Qg6+ Kf8 58. Qxf6+ Ke8 59. Qe6+ Kf8 60. Qxe4 Qc1 61. Qf5+ Ke7 62. Kf3 Qh1+ 63. Kg3 Kd6 64. Qf4+ Ke6 65. h6 Ke7 66. Qg5+ Ke6 67. Qf5+ Ke7 68. h7 Qg1+ 69. Kh4 Qh1+ 70. Kg5 Qa1 71. Qe4+ Kf7 72. Qd5+ Kg7 73. Qg8# 1-0

[Event "Gibraltar Challengers B 2020"]
[Site "Caleta"]
[Date "2020.01.29"]
[Round "5.15"]
[White "Karlsson, Jorgen"]
[Black "Paul, Nathanael"]
[Result "1-0"]
[ECO "D01"]
[WhiteElo "2054"]
[BlackElo "1987"]
[Annotator "NA RC"]
[PlyCount "119"]
[EventDate "2020.01.20"]
[EventType "swiss"]
[EventCountry "GGB"]
[SourceTitle "playchess.com"]
[Source "ChessBase"]
[SourceQuality "1"]
[TimeControl "6600+10"]

1. d4 d5 2. Nc3 Nf6 3. Bg5 Bf5 4. f3 Nbd7 5. g4 (5. Qd2 e6 6. e3 Be7 7. Nge2 h6 8. Bxf6 Nxf6 9. Nf4 c6 10. g4 Bh7 11. Bd3 g5 12. Bxh7 gxf4 13. Bd3 fxe3 14. Qxe3 {½-½ (41) Shimanov,A (2664)-Ovetchkin,R (2529) Ekaterinburg 2013}) 5... Bg6 6. Bf4 {[%emt 0:03:02] D01: Veresov Opening} c5 $146 ({Predecessor:} 6... c6 7. h4 h6 8. e3 e6 9. Bd3 Bxd3 10. Qxd3 Bb4 11. Nge2 c5 12. Kf2 cxd4 13. exd4 {1-0 (33) Bakalar,J (2017)-Simo,L (1701) Zilina 2011}) 7. e3 Qb6 8. Nb5 Rc8 9. a4 cxd4 10. a5 Qd8 11. exd4 a6 12. Nc3 e6 13. Ra4 Be7 14. Bd3 Bxd3 15. Qxd3 O-O 16. Nge2 Nb8 17. Nd1 Nc6 18. Bd2 Qd7 19. Nf2 e5 20. g5 Ne8 21. b3 Nc7 22. Ng4 e4 23. Qe3 f6 24. g6 (24. gxf6 {keeps fighting.} Bxf6 25. Nxf6+ Rxf6 26. fxe4) 24... h5 $2 {[%emt 0:02:52] [#]} ({Better is} 24... hxg6 $19 25. Nf2 f5) 25. Nh6+ $1 Kh8 (25... gxh6 $16 26. Qxh6 Bd6) 26. fxe4 dxe4 27. c4 $2 ({But not} 27. Qxe4 $6 Rfe8 $16) (27. O-O $18 Nd5 28. Nf7+ (28. Qxe4 gxh6 29. Rf5 Rfd8 $11) 28... Rxf7 29. Qxe4) 27... Rcd8 28. Bc3 (28. Nf7+ $16 Rxf7 29. gxf7) 28... Bc5 29. Nf7+ {[%emt 0:00:46] Double Attack} Rxf7 30. gxf7 Ba7 31. Rf1 (31. Qxe4 $16 Qxf7 32. d5) 31... Qxf7 {[%emt 0:00:41] [#]} 32. Rf5 ({Much weaker is} 32. Qxe4 Bxd4 33. Bxd4 Nxd4 $15) ({Better is} 32. Ra2 $1 $16) 32... Qg6 $2 (32... Kg8 $11 {and Black is okay.}) 33. Qh3 Kg8 34. Rxh5 Kf7 35. d5 Nd4 36. Bxd4 ({Don't play} 36. Nxd4 Qg1+ 37. Qf1 Bxd4 $18) 36... Bxd4 37. Qg3 Qxg3+ 38. hxg3 Be5 39. g4 Ne8 40. Rh8 g6 41. Rb4 Rd7 42. Rb6 f5 43. Rxe8 Kxe8 44. Rxg6 f4 45. Rg8+ Kf7 46. Rg5 Bf6 47. Rf5 f3 48. g5 Kg6 49. Rxf6+ Kxg5 50. Re6 fxe2 51. Rxe4 Rh7 52. Kxe2 Kf5 53. Re6 Rh2+ 54. Kd3 Kf4 55. Re7 Rh3+ $18 56. Kc2 Rh2+ 57. Kc3 Ra2 58. Kb4 b5 59. axb6 a5+ 60. Kc3 1-0

[Event "Gibraltar Challengers B 2020"]
[Site "Caleta"]
[Date "2020.01.29"]
[Round "5.16"]
[White "Herzwurm, Robert"]
[Black "George, Lolomari Erekosima"]
[Result "1-0"]
[ECO "B12"]
[WhiteElo "1979"]
[BlackElo "2053"]
[Annotator "NA RC"]
[PlyCount "69"]
[EventDate "2020.01.20"]
[EventType "swiss"]
[EventCountry "GGB"]
[SourceTitle "playchess.com"]
[Source "ChessBase"]
[SourceQuality "1"]
[TimeControl "6600+10"]

1. e4 c6 2. d4 d5 3. e5 Bf5 4. Nf3 e6 5. Be2 Nd7 6. O-O h6 7. Nbd2 Ne7 {[%emt 0:02:46] B12: Caro-Kann: Advance Variation} 8. Nb3 Bh7 (8... Nc8 9. Ne1 Be7 10. Bd3 Bxd3 11. Nxd3 Ncb6 12. Qg4 g6 13. Nd2 Qc7 14. a4 {0-1 (51) Sasikiran,K (2656)-Wojtaszek,R (2725) Moscow 2019}) 9. Bd2 Nc8 10. Rc1 Ncb6 $146 ({Predecessor:} 10... b5 11. Bd3 a5 12. Bxh7 Rxh7 13. Ra1 a4 14. Nc1 g5 15. h3 {½-½ (53) Lizorkina,V (2081)-Luers,C (1740) LSS email 2011}) 11. Na5 Qb8 12. c3 Be7 13. Qb3 O-O 14. c4 c5 15. Bc3 (15. cxd5 $11 Nxd5 16. Bb5) 15... dxc4 16. Nxc4 Rc8 17. Ne3 Be4 18. Nd2 Bc6 19. Bc4 {[%emt 0:08:26] [#]} (19. Ndc4 $15) 19... Ba4 $1 20. Qa3 cxd4 21. Qxe7 dxe3 $2 (21... dxc3 $17 22. Rxc3 Nxe5) 22. fxe3 Rf8 ({And not} 22... Nxc4 23. Rxf7 Kh8 24. Rxg7 Nf6 25. Qxf6 Bc2 26. Rxc2 Nxd2 27. Qxh6#) 23. Rf4 Qd8 24. Qd6 Rc8 25. b3 Bc6 26. Rcf1 Qg5 27. Nf3 Bxf3 28. R1xf3 Nxc4 29. bxc4 Nb6 30. h4 Qd8 (30... Qh5 $15) 31. Bb4 Qxd6 32. Bxd6 Rxc4 33. Bxf8 Rxf4 34. exf4 Kxf8 35. Rb3 $18 1-0